 Dungeon Crawl Stone Soup version 0.31-a0-803-g95b03c3367 (webtiles) character file.

Game seed: 14069608139861386036

2 MackTheKnife the Chopper (level 1, -2/15 HPs)
             Began as a Meteoran Wanderer on Sept 21, 2023.
             Slain by a gnoll
             ... wielding a +0 whip
              (6 damage)
             ... on level 1 of the Dungeon.
             The game lasted 00:00:28 (253 turns).

MackTheKnife the Chopper (Meteoran Wanderer)         Turns: 253, Time: 00:00:29

Health: -2/15      AC:  3    Str: 13    XL:     1   Next: 57%
Magic:  3/3        EV: 10    Int: 10    God:
Gold:   26         SH:  0    Dex: 16    Spells: 2/2 levels left

rFire   . . .        a - +2 hand axe {axe}
rCold   . . .        (no shield)
rNeg    . . .        e - +0 leather armour
rPois   .            (no helmet)
rElec   .            (no cloak)
rCorr   .            (no gloves)
SInv    .            (no boots)
Will    .....        (no amulet)
Stlth   +            (no ring)
HPRegen 0.22/turn    (no ring)
MPRegen 0.08/turn

%: no passive effects
@: glowing
A: sense surroundings 1, otherworldly, glowing, explore regen
a: no special abilities


You were on level 1 of the Dungeon.
You visited 1 branch of the dungeon, and saw 1 of its levels.

You collected 26 gold pieces.


Innate Abilities, Weirdness & Mutations

You passively map a small area around you.
You are easily found by Zot.
You glow in the dark.
You regain HP and MP as you explore.


   Skills:
 + Level 0.4 Fighting
 - Level 1.1 Short Blades
 + Level 4.9 Axes
 - Level 1.0 Stealth
 - Level 1.3 Spellcasting
 - Level 3.6 Evocations


You had 2 spell levels left.
You didn't know any spells.
Your spell library contained the following spells:

 Spells                   Type           Power      Damage    Failure   Level
 Slow                     Hex            0%         N/A       38%         1
 Confusing Touch          Hex            0%         N/A       77%         3
 Sigil of Binding         Hex            0%         N/A       77%         3
 Vampiric Draining        Necr           0%         2d6       77%         3

Inventory:

Hand Weapons
 a - a +2 hand axe (weapon) {axe}
 b - a +0 short sword {short}
Armour
 e - a +0 leather armour (worn)
Wands
 c - a wand of polymorph (6) (quivered)
Scrolls
 d - a scroll of teleportation {@r4}
 f - a scroll of identify {unknown}
 h - 2 scrolls of poison {unknown}
Potions
 g - 2 potions of mutation {unknown}

Dungeon Overview and Level Annotations

Branches:
Dungeon (1/15) Zot: 345

Altars:

,
#.###############
, #.# #* ##.####
..# *#.....#
#..>##..##.#
#.....#* # #...#
#..#..##.# #...#
####..#.g...#
#...#
#......@#?###
#...# ..#.....#.#
* #...# *
#..##...#, #...#
#.. ....#
,####...#
#.,,.##.+ ,
+..'...' # ,##
*## ####...# * *
* ##...# , #.....
, , #.####


You could see a gnoll.


Message History

🤖 Initializing magus.rc ...
Options error: Delay interrupt name "hungry" not recognised. (~/.crawlrc:4768) Bad monster_list_colour key: strict_neutral Bad channel name 'pray' for runrest: 'pray:' Options error: Missing colour in message_colour setting: 'that.*feels deathly cold' Options error: Missing colour in message_colour setting: 'and you must be Full or above to equip it' Options error: Missing colour in message_colour setting: 'but rights himself reflexively soon after' Options error: Missing colour in message_colour setting: 'before it is too late' ✅ Successfully initialized magus.rc [v1.9.6] Welcome, MackTheKnife the Meteoran Wanderer.
Will you be the one to retrieve the awesome Orb of Zot from the depths?
Press ? for a list of commands and other information.
Found a staircase leading out of the dungeon.
You begin with the following items: a +2 hand axe {axe}, a +0 short sword {short}, a wand of polymorph (6), a scroll of teleportation {@r4}, a +0 leather armour.
You pick up a book of Debilitation and begin reading...
You add the spells Slow, Sigil of Binding, Vampiric Draining and Confusing Touch to your library.
Key pressed, stopping explore.
f - a scroll labelled QAYZEL CYARYT You now have 10 gold pieces.
g - 2 smoky green potions You open the door.
There is an open door here.
h - 2 scrolls labelled YRUQEFUWKUSHRE You open the door.
You open the door.
There is an open door here.
You see here a +0 robe.
A rat comes into view.
You see here 16 gold pieces.
You now have 26 gold pieces (gained 16).
You slash the rat!
You kill the rat!
No target in view!
No target in view!
Found a stone staircase leading down.
There is a stone staircase leading down here.
There is a stone staircase leading down here.
A kobold comes into view. It is wielding a +0 dagger.
You hit the kobold.
You kill the kobold! 😎 HP[+1]
You now have 15 max hp (+1).
Your hp is fully restored (15).
No target in view!
No target in view!
A bat comes into view.
The bat hits you but does no damage.
You hit the bat. The bat barely misses you. The bat barely misses you. x2
You slash the bat!
You kill the bat!
No target in view!
No target in view!
No target in view!
No target in view!
You see here a bat corpse.
A gnoll comes into view. It is wielding a +0 whip.
The gnoll shouts!
The gnoll moves out of view.
Found a stone staircase leading down.
A gnoll is nearby!
The gnoll closely misses you.
You closely miss the gnoll. The gnoll closely misses you.
You hit the gnoll.
The gnoll hits you with a +0 whip! 😮 HP[-7]
You take 7 damage, and now have 8/15 hp.
MASSIVE DAMAGE!! (PAUSE)
You closely miss the gnoll. The gnoll barely misses you.
You barely miss the gnoll. The gnoll hits you with a +0 whip.
* * * LOW HITPOINT WARNING * * *
😱 HP[-5]
You take 5 damage, and now have 3/15 hp.
MASSIVE DAMAGE!! (PAUSE)
The gnoll attacks as it pursues you! The gnoll hits you with a +0 whip.
You die...

Action                     || total
---------------------------++-------
  Melee: Hand axe          ||     8
 Armour: Leather armour    ||     4
  Dodge: Dodged            ||     6

Levels and vault maps discovered:
D:1:      roderic_octagonal_star, layout_basic, dk_noncrumbling_4

Notes
Turn   | Place    | Note
-------+----------+-------------------------------------------
     0 | D:1      | MackTheKnife the Meteoran Wanderer began the quest for the
                  | Orb.
     0 | D:1      | MackTheKnife set off with the following items: a +2 hand
                  | axe {axe}, a +0 short sword {short}, a wand of polymorph
                  | (6), a scroll of teleportation {@r4}, a +0 leather armour.
     0 | D:1      | Reached XP level 1. HP: 14/14 MP: 3/3
     0 | D:1      | magus.rc [v1.9.6]
    12 | D:1      | You pick up a book of Debilitation and begin reading...
    12 | D:1      | You add the spells Slow, Sigil of Binding, Vampiric
                  | Draining and Confusing Touch to your library.
   252 | D:1      | HP: 3/15 [gnoll/+0 whip (5)]
   253 | D:1      | Slain by a gnoll

Vanquished Creatures
  A kobold (D:1)
  A bat (D:1)
  A rat (D:1)
3 creatures vanquished.

Table legend:
 A = Non-vault XP
 B = Vault XP
 C = Vault XP percentage of total XP
 D = Non-vault monster count
 E = Vault monster count
 F = Vault count percentage of total count
                 A         B        C        D         E       F
            +---------+---------+-------+---------+---------+-------
      Total |       4 |       0 |   0.0 |       3 |       0 |   0.0
            +---------+---------+-------+---------+---------+-------
        D:1 |       4 |       0 |   0.0 |       3 |       0 |   0.0
            +---------+---------+-------+---------+---------+-------

Action                     || total
---------------------------++-------
  Melee: Hand axe          ||     8
 Armour: Leather armour    ||     4
  Dodge: Dodged            ||     6

Illustrated notes

Table legend:
 A = Kills in this place as a percentage of kills in the entire game.
 B = Kills by you in this place as a percentage of kills by you in the entire game.
 C = Kills by friends in this place as a percentage of kills by friends in the entire game.
 D = Other kills in this place as a percentage of other kills in the entire game.
 E = Experience gained in this place as a percentage of experience gained in the entire game.
 F = Experience gained in this place divided by the number of levels of this place that you have seen.
                   A       B       C       D       E      F
               +-------+-------+-------+-------+-------+----------------------
         Total | 100.0 | 100.0 |   N/A |   N/A | 100.0 |   4.0
       Dungeon | 100.0 | 100.0 |   N/A |   N/A | 100.0 |   4.0
               +-------+-------+-------+-------+-------+----------------------

Table legend: (Time is in decaauts)
 A = Elapsed time spent in this place.
 B = Non-inter-level travel time spent in this place.
 C = Inter-level travel time spent in this place.
 D = Time resting spent in this place.
 E = Time spent auto-exploring this place.
 F = Levels seen in this place.
 G = Mean time per level.
                   A        B        C        D        E       F      G
               +--------+--------+--------+--------+--------+-----+--------+
         Total |    253 |    253 |      0 |      0 |    221 |   1 |  253.0 |
       Dungeon |    253 |    253 |      0 |      0 |    221 |   1 |  253.0 |
               +--------+--------+--------+--------+--------+-----+--------+

Top non-repeatable levels by time:
     D:1: 253 daAuts
